Mustangs vs Little Stars
(R2)
Created - December 26, 2020 at 19:01
Goals
|
Mustangs |
0 |
1 |
1 |
2 |
Little Stars |
0 |
1 |
2 |
3 |
|
Shots
|
Mustangs |
14 |
9 |
13 |
36 |
Little Stars |
14 |
7 |
12 |
33 |
|
1st period
No Goal
Penalties :
Jonathan Drouin (Ham) for Roughing (Minor) at 7:53, Melker Karlsson (Ham) for Roughing (Minor) at 15:07
2nd period
1. Mustangs , Jonathan Drouin 13 (Melker Karlsson 23) at 0:46
2. Little Stars , Tyler Wotherspoon 7 (Jesse Joensuu 30, Dustin Tokarski) at 7:05 (PP)
Penalties :
Scott Mayfield (Ham) for Tripping (Minor) at 6:55, Dana Tyrell (Tex) for Holding (Minor) at 9:22, Mark Stone (Ham) for High sticking (Minor) at 16:23, Sebastian Wannstrom (Tex) for Boarding (Minor) at 18:44
3rd period
3. Mustangs , Melker Karlsson 11 (Henrik Samuelsson 16, Andrew O'Brien 8) at 8:08
4. Little Stars , Sebastian Wannstrom 5 (Roman Horak 2, Joakim Nygard 13) at 17:52
5. Little Stars , Daniel O'regan 9 (Adam Tambellini 11) at 18:58
Penalties :
Henrik Samuelsson (Ham) for Hooking (Minor) at 5:34, Dana Tyrell (Tex) for Cross-checking (Minor) at 8:30, Patrick Wiercioch (Tex) for Tripping (Minor) at 19:35, Chrstian Dvorak (Ham) for Hooking (Minor) at 19:41
Goalie Stats
Connor Hellebyuk (Ham), 30 saves from 33 shots - (0.909), L, 8-8-1, 59:34 minutes
Dustin Tokarski (Tex), 34 saves from 36 shots - (0.944), W, 10-9-1, 60:00 minutes
Players Stats for Mustangs
Player Name G A P +/- PIM S H SB GA TA FO MP PP MP PK MP
------------------------------------------------------------------------------------
Andrew O'Brien 0 1 1 2 0 0 2 4 0 0 0/0 20:17 1:59 3:13
Anthony Beauvillier 0 0 0 -1 0 0 0 0 0 0 0/0 8:44 0:00 1:33
Antti Suomela 0 0 0 -1 0 1 2 1 0 1 1/4 6:28 0:00 0:00
Chrstian Dvorak 0 0 0 0 2 0 1 0 0 1 1/1 14:23 2:43 0:00
Craig Smith 0 0 0 -1 0 1 1 0 0 1 7/9 15:01 3:07 4:28
Curtis Hamilton 0 0 0 0 0 1 3 1 0 0 0/0 14:49 0:00 2:31
Dakota Mermis 0 0 0 0 0 0 0 1 0 1 0/0 10:38 0:00 0:00
Henrik Samuelsson 0 1 1 1 2 3 2 0 1 0 4/9 15:52 2:44 0:43
Iven Barbashev 0 0 0 -1 0 0 1 0 0 0 6/8 11:27 0:12 0:00
Jonathan Drouin 1 0 1 1 2 5 2 1 1 0 0/1 18:47 3:07 0:00
Josh Jooris 0 0 0 0 0 4 0 0 0 0 1/1 16:39 2:44 2:15
Kurt Sauer 0 0 0 2 0 2 0 2 0 0 0/0 20:17 1:59 3:13
Mark Stone 0 0 0 1 2 1 5 0 2 0 1/2 15:45 0:00 1:31
Matthew Finn 0 0 0 0 0 0 0 0 0 0 0/0 10:48 0:00 0:10
Melker Karlsson 1 1 2 2 2 5 0 0 0 1 15/24 22:09 3:19 3:11
Nick Schmaltz 0 0 0 -1 0 3 0 0 0 0 1/1 11:27 0:12 0:00
Scott Mayfield 0 0 0 -2 2 2 3 2 1 0 0/0 28:54 4:04 4:43
Will Butcher 0 0 0 -2 0 8 1 1 2 3 0/0 29:05 4:04 4:53
Players Stats for Little Stars
Player Name G A P +/- PIM S H SB GA TA FO MP PP MP PK MP
------------------------------------------------------------------------------------
Adam Tambellini 0 1 1 0 0 3 2 0 1 0 0/1 14:36 3:29 0:00
Anton Cederholm 0 0 0 0 0 0 3 1 0 0 0/0 19:54 3:47 3:09
Dana Tyrell 0 0 0 0 4 3 1 0 0 0 15/35 20:18 4:33 1:22
Daniel O'regan 1 0 1 0 0 3 0 0 1 1 3/5 15:04 3:29 0:28
Eric Knodel 0 0 0 0 0 0 1 0 1 0 0/0 19:54 3:47 3:09
Ilya Mikheyev 0 0 0 0 0 1 3 0 0 0 0/1 15:19 3:29 0:42
Jason Dickinson 0 0 0 0 0 2 1 0 0 0 2/4 8:06 0:00 0:00
Jesse Joensuu 0 1 1 0 0 3 5 0 1 2 0/3 22:39 4:28 3:58
Joakim Nygard 0 1 1 0 0 1 1 0 2 0 0/0 13:50 0:09 1:17
Michael Mersch 0 0 0 0 0 2 0 0 1 0 0/0 8:47 0:09 0:06
Patrick Wiercioch 0 0 0 0 2 0 1 5 0 2 0/0 27:16 4:19 2:21
Reece Willcox 0 0 0 0 0 1 1 1 0 0 0/0 12:43 0:00 0:27
Roman Horak 0 1 1 0 0 2 1 0 0 0 1/5 13:39 0:00 1:41
Scott Kosmachuck 0 0 0 0 0 4 3 2 0 0 2/2 19:06 4:28 0:42
Sebastian Wannstrom 1 0 1 0 2 2 0 0 1 0 0/4 13:47 0:00 1:50
Tucker Poolman 0 0 0 0 0 1 1 1 0 1 0/0 12:31 0:00 0:33
Tyler Wotherspoon 1 0 1 0 0 4 1 0 0 1 0/0 27:41 4:19 2:27
Zach Budish 0 0 0 0 0 1 0 0 0 0 0/0 8:25 0:04 0:00
3 Stars
1 - Dustin Tokarski (Tex)
2 - Melker Karlsson (Ham)
3 - Andrew O'Brien (Ham)
Power Play
Mustangs - 0 on 4 Attempt(s) - 0.00%
Little Stars - 1 on 6 Attempt(s) - 16.67%
Penalty Kill
Mustangs - 5 on 6 Attempt(s) - 83.33%
- Score 0 goal in Penalty Kill
Little Stars - 4 on 4 Attempt(s) - 100.00%
- Score 0 goal in Penalty Kill
Team Stat
Mustangs - Hits : 23 - Faceoff Wins : 37 - Blocked Shots : 13 - Penalty Minutes : 12
Little Stars - Hits : 25 - Faceoff Wins : 23 - Blocked Shots : 10 - Penalty Minutes : 8
Official
Referees : Unknown
Linesman : Unknown
Game Notes
No Game Note
Finance
Level 1 -- Attendance: 1227 (61.35%) -- Ticket Income $49,080
Level 2 -- Attendance: 631 (63.10%) -- Ticket Income $12,620
Total Attendance: 1858 (61.93%)
Total Ticket Income: $61,700
Other Income: $3,085
Total Income: $64,785
Mustangs
5 vs 5 Forward
Center Left Wing Right Wing Time % Phy DF OF
1 Melker Karlsson Jonathan Drouin Mark Stone 40 1 2 2
2 Henrik Samuelsson Chrstian Dvorak Josh Jooris 30 1 2 2
3 Iven Barbashev Curtis Hamilton Nick Schmaltz 20 1 2 2
4 Antti Suomela Anthony Beauvillier Craig Smith 10 1 2 2
5 vs 5 Defense
Defense Defense Time % Phy DF OF
1 Scott Mayfield Will Butcher 40 1 2 2
2 Kurt Sauer Andrew O'Brien 30 1 2 2
3 Dakota Mermis Matthew Finn 20 1 2 2
4 Scott Mayfield Will Butcher 10 1 2 2
PowerPlay Forward
Center Left Wing Right Wing Time % Phy DF OF
1 Melker Karlsson Jonathan Drouin Craig Smith 60 1 2 2
2 Henrik Samuelsson Chrstian Dvorak Josh Jooris 40 1 2 2
PowerPlay Defense
Defense Defense Time % Phy DF OF
1 Scott Mayfield Will Butcher 60 1 2 2
2 Kurt Sauer Andrew O'Brien 40 1 2 2
Penalty Kill 4 Players Forward
Center Wing Time % Phy DF OF
1 Craig Smith Melker Karlsson 60 1 2 2
2 Josh Jooris Mark Stone 40 1 2 2
Penalty Kill 4 Players Defense
Defense Defense Time % Phy DF OF
1 Scott Mayfield Will Butcher 60 1 2 2
2 Kurt Sauer Andrew O'Brien 40 1 2 2
Penalty Kill - 3 Players Forward
Forward Time % Phy DF OF
1 Craig Smith 60 1 2 2
2 Melker Karlsson 40 1 2 2
Penalty Kill - 3 Players Defense
Defense Defense Time % Phy DF OF
1 Scott Mayfield Will Butcher 60 1 2 2
2 Kurt Sauer Andrew O'Brien 40 1 2 2
4 vs 4 Forward
Center Wing Time % Phy DF OF
1 Craig Smith Melker Karlsson 60 1 2 2
2 Josh Jooris Mark Stone 40 1 2 2
4 vs 4 Defense
Defense Defense Time % Phy DF OF
1 Scott Mayfield Will Butcher 60 1 2 2
2 Kurt Sauer Andrew O'Brien 40 1 2 2
Last Minutes Offensive
Center Left Wing Right Wing Defense Defense
Melker Karlsson Jonathan Drouin Craig Smith Scott Mayfield Will Butcher
Last Minutes Defensive
Center Left Wing Right Wing Defense Defense
Melker Karlsson Jonathan Drouin Craig Smith Scott Mayfield Will Butcher
Goaltenders
Starting : Connor Hellebyuk
Backup : Anthony Stolarz
Extra Forwards
Normal : Nick Schmaltz, Iven Barbashev, Curtis Hamilton - PP : Nick Schmaltz, Iven Barbashev - PK : Curtis Hamilton
Extra Defensemen
Normal : Dakota Mermis, Matthew Finn, Scott Mayfield - PP : Dakota Mermis - PK : Matthew Finn, Scott Mayfield
Penalty Shots
Craig Smith, Melker Karlsson, Josh Jooris, Mark Stone, Jonathan Drouin
Scratches
Denis Malgin (Healthy), Jordan Schmaltz (Head Injury), Danny Biega (Healthy), Raphael Bussieres (Healthy), Sam Kurker (Healthy)
Max Gortz (Healthy), Josh Ho-Sang (Healthy), Brett Pollock (Healthy), Steven Spinner (Healthy), Jason Missiaen (Healthy)
Little Stars
5 vs 5 Forward
Center Left Wing Right Wing Time % Phy DF OF
1 Dana Tyrell Jesse Joensuu Scott Kosmachuck 40 1 2 2
2 Daniel O'regan Adam Tambellini Ilya Mikheyev 30 1 2 2
3 Roman Horak Joakim Nygard Sebastian Wannstrom 20 1 2 2
4 Jason Dickinson Michael Mersch Zach Budish 10 1 2 2
5 vs 5 Defense
Defense Defense Time % Phy DF OF
1 Tyler Wotherspoon Patrick Wiercioch 40 1 2 2
2 Anton Cederholm Eric Knodel 30 1 2 2
3 Reece Willcox Tucker Poolman 20 1 2 2
4 Tyler Wotherspoon Patrick Wiercioch 10 1 2 2
PowerPlay Forward
Center Left Wing Right Wing Time % Phy DF OF
1 Dana Tyrell Jesse Joensuu Scott Kosmachuck 60 0 2 3
2 Daniel O'regan Adam Tambellini Ilya Mikheyev 40 0 2 3
PowerPlay Defense
Defense Defense Time % Phy DF OF
1 Tyler Wotherspoon Patrick Wiercioch 60 0 2 3
2 Anton Cederholm Eric Knodel 40 0 2 3
Penalty Kill 4 Players Forward
Center Wing Time % Phy DF OF
1 Dana Tyrell Jesse Joensuu 60 1 2 2
2 Scott Kosmachuck Ilya Mikheyev 40 1 2 2
Penalty Kill 4 Players Defense
Defense Defense Time % Phy DF OF
1 Tyler Wotherspoon Patrick Wiercioch 60 0 3 2
2 Anton Cederholm Eric Knodel 40 0 3 2
Penalty Kill - 3 Players Forward
Forward Time % Phy DF OF
1 Dana Tyrell 60 1 2 2
2 Jesse Joensuu 40 1 2 2
Penalty Kill - 3 Players Defense
Defense Defense Time % Phy DF OF
1 Tyler Wotherspoon Patrick Wiercioch 60 0 3 2
2 Anton Cederholm Eric Knodel 40 0 3 2
4 vs 4 Forward
Center Wing Time % Phy DF OF
1 Dana Tyrell Jesse Joensuu 60 0 2 3
2 Scott Kosmachuck Ilya Mikheyev 40 0 2 3
4 vs 4 Defense
Defense Defense Time % Phy DF OF
1 Tyler Wotherspoon Patrick Wiercioch 60 1 2 2
2 Anton Cederholm Eric Knodel 40 1 2 2
Last Minutes Offensive
Center Left Wing Right Wing Defense Defense
Dana Tyrell Jesse Joensuu Scott Kosmachuck Tyler Wotherspoon Patrick Wiercioch
Last Minutes Defensive
Center Left Wing Right Wing Defense Defense
Dana Tyrell Jesse Joensuu Scott Kosmachuck Tyler Wotherspoon Patrick Wiercioch
Goaltenders
Starting : Dustin Tokarski
Backup : Connor Knapp
Extra Forwards
Normal : Joakim Nygard, Michael Mersch, Sebastian Wannstrom - PP : Joakim Nygard, Michael Mersch - PK : Sebastian Wannstrom
Extra Defensemen
Normal : Reece Willcox, Tucker Poolman, Anton Cederholm - PP : Reece Willcox - PK : Tucker Poolman, Anton Cederholm
Penalty Shots
Dana Tyrell, Jesse Joensuu, Scott Kosmachuck, Ilya Mikheyev, Adam Tambellini
Scratches
Lawrence Pilut (Healthy), Justin Auger (Healthy), Rudolfs Balcers (Healthy), Yakov Trenin (Healthy), Jean-Christophe Beaudin (Healthy)
Ville Pokka (Healthy), Daniil Tarasov (Healthy), Emile Poirier (Healthy), Shane Gersich (Healthy), Radel Fazleev (Healthy)
Julien Nantel (Healthy), Peter Delmas (Healthy)
% Time on Ice - Mustangs
Lines # - Real PCT - Wanted PCT - Time Play
Normal Forward
1 - 35% - 40% - 15:33
2 - 26% - 30% - 11:40
3 - 25% - 20% - 11:15
4 - 14% - 10% - 6:28
Normal Defense
1 - 38% - 40% - 17:12
2 - 34% - 30% - 15:05
3 - 24% - 20% - 10:38
4 - 4% - 10% - 2:01
PP Forward
1 - 55% - 60% - 3:19
2 - 45% - 40% - 2:44
PP Defense
1 - 67% - 60% - 4:04
2 - 33% - 40% - 1:59
PK Forward
1 - 72% - 60% - 5:51
2 - 28% - 40% - 2:15
PK Defense
1 - 60% - 60% - 4:53
2 - 40% - 40% - 3:13
PK3 Forward
1 - 0% - 60%
2 - 0% - 40%
PK3 Defense
1 - 0% - 60%
2 - 0% - 40%
44 Forward
1 - 100% - 60% - 0:18
2 - 0% - 40% - 0:00
44 Defense
1 - 100% - 60% - 0:18
2 - 0% - 40% - 0:00
Last Minute Offensive - 0:37
Last Minute Defensive - 0:00
Total
Forward - 60:00
Defense - 60:00
|
% Time on Ice - Little Stars
Lines # - Real PCT - Wanted PCT - Time Play
Normal Forward
1 - 31% - 40% - 13:44
2 - 25% - 30% - 11:08
3 - 27% - 20% - 11:58
4 - 18% - 10% - 8:06
Normal Defense
1 - 42% - 40% - 18:44
2 - 29% - 30% - 12:58
3 - 27% - 20% - 11:58
4 - 3% - 10% - 1:16
PP Forward
1 - 57% - 60% - 4:37
2 - 43% - 40% - 3:29
PP Defense
1 - 53% - 60% - 4:19
2 - 47% - 40% - 3:47
PK Forward
1 - 88% - 60% - 5:21
2 - 12% - 40% - 0:42
PK Defense
1 - 48% - 60% - 2:54
2 - 52% - 40% - 3:09
PK3 Forward
1 - 0% - 60%
2 - 0% - 40%
PK3 Defense
1 - 0% - 60%
2 - 0% - 40%
44 Forward
1 - 100% - 60% - 0:18
2 - 0% - 40% - 0:00
44 Defense
1 - 100% - 60% - 0:18
2 - 0% - 40% - 0:00
Last Minute Offensive - 0:00
Last Minute Defensive - 0:37
Total
Forward - 60:00
Defense - 60:00
|
Play-by-Play
1st period
0:01 of 1st period - Dana Tyrell wins face-off versus Mark Stone in neutral zone.
0:06 of 1st period - Slapshot by Dana Tyrell.
0:06 of 1st period - Stopped by Connor Hellebyuk with a rebound.
0:08 of 1st period - Slapshot by Tyler Wotherspoon.
0:08 of 1st period - Stopped by Connor Hellebyuk with a rebound.
0:10 of 1st period - Wrist shot by Scott Kosmachuck.
0:10 of 1st period - Stopped by Connor Hellebyuk with a rebound.
0:12 of 1st period - Snap shot by Dana Tyrell.
0:12 of 1st period - Shot Blocked by Scott Mayfield.
0:14 of 1st period - Slapshot by Tyler Wotherspoon.
0:14 of 1st period - Stopped by Connor Hellebyuk with a rebound.
1:00 of 1st period - Nick Schmaltz is hit by Anton Cederholm and loses puck.
1:10 of 1st period - Icing by Anton Cederholm.
1:11 of 1st period - Jason Dickinson wins face-off versus Antti Suomela in Little Stars zone.
1:24 of 1st period - Wrist shot by Zach Budish.
1:24 of 1st period - Shot Misses the Net.
1:26 of 1st period - Slapshot by Anton Cederholm.
1:26 of 1st period - Deflect By Michael Mersch.
1:26 of 1st period - Stopped by Connor Hellebyuk with a rebound.
2:27 of 1st period - Reece Willcox is hit by Curtis Hamilton.
2:46 of 1st period - Wrist shot by Sebastian Wannstrom.
2:46 of 1st period - Stopped by Connor Hellebyuk with a rebound.
3:00 of 1st period - Wrist shot by Jonathan Drouin.
3:00 of 1st period - Stopped by Dustin Tokarski with a rebound.
3:08 of 1st period - Snap shot by Jonathan Drouin.
3:08 of 1st period - Stopped by Dustin Tokarski with a rebound.
4:13 of 1st period - Tyler Wotherspoon is hit by Scott Mayfield and loses puck.
4:32 of 1st period - Snap shot by Sebastian Wannstrom.
4:32 of 1st period - Shot Misses the Net.
4:40 of 1st period - Wrist shot by Curtis Hamilton.
4:40 of 1st period - Shot Misses the Net.
4:42 of 1st period - Backhand shot by Will Butcher.
4:42 of 1st period - Stopped by Dustin Tokarski with a rebound.
4:44 of 1st period - Wrist shot by Nick Schmaltz.
4:44 of 1st period - Stopped by Dustin Tokarski with a rebound.
4:46 of 1st period - Slapshot by Scott Mayfield.
4:46 of 1st period - Shot Misses the Net.
5:10 of 1st period - Slapshot by Will Butcher.
5:10 of 1st period - Shot Blocked by Patrick Wiercioch.
5:12 of 1st period - Snap shot by Nick Schmaltz.
5:12 of 1st period - Stopped by Dustin Tokarski without a rebound.
5:13 of 1st period - Dana Tyrell wins face-off versus Melker Karlsson in Little Stars zone.
5:40 of 1st period - Henrik Samuelsson is hit by Reece Willcox and loses puck.
5:53 of 1st period - Dakota Mermis is hit by Joakim Nygard and loses puck.
6:10 of 1st period - Anton Cederholm is hit by Andrew O'Brien and loses puck.
7:01 of 1st period - Wrist shot by Sebastian Wannstrom.
7:01 of 1st period - Shot Misses the Net.
7:15 of 1st period - Anton Cederholm is hit by Andrew O'Brien and loses puck.
7:24 of 1st period - Melker Karlsson is hit by Anton Cederholm and loses puck.
7:34 of 1st period - Icing by Eric Knodel.
7:35 of 1st period - Antti Suomela wins face-off versus Dana Tyrell in Little Stars zone.
7:46 of 1st period - Snap shot by Jesse Joensuu.
7:46 of 1st period - Shot Misses the Net.
7:48 of 1st period - Wrist shot by Tucker Poolman.
7:48 of 1st period - Stopped by Connor Hellebyuk without a rebound.
7:49 of 1st period - Dana Tyrell wins face-off versus Melker Karlsson in Mustangs zone.
7:52 of 1st period - Slapshot by Jesse Joensuu.
7:52 of 1st period - Stopped by Connor Hellebyuk without a rebound.
7:53 of 1st period - Melker Karlsson wins face-off versus Dana Tyrell in Mustangs zone.
7:53 of 1st period - Minor Penalty to Jonathan Drouin for Roughing.
7:54 of 1st period - Dana Tyrell wins face-off versus Craig Smith in Mustangs zone.
7:55 of 1st period - Wrist shot by Scott Kosmachuck.
7:55 of 1st period - Stopped by Connor Hellebyuk with a rebound.
8:19 of 1st period - Craig Smith is hit by Adam Tambellini and loses puck.
9:53 of 1st period - Penalty to Jonathan Drouin is over, Jonathan Drouin is back on ice.
9:59 of 1st period - Wrist shot by Curtis Hamilton.
9:59 of 1st period - Shot Misses the Net.
10:10 of 1st period - Slapshot by Kurt Sauer.
10:10 of 1st period - Stopped by Dustin Tokarski with a rebound.
10:34 of 1st period - Snap shot by Josh Jooris.
10:34 of 1st period - Stopped by Dustin Tokarski with a rebound.
10:36 of 1st period - Snap shot by Henrik Samuelsson.
10:36 of 1st period - Shot Misses the Net.
10:38 of 1st period - Slapshot by Andrew O'Brien.
10:38 of 1st period - Shot Misses the Net.
10:40 of 1st period - Wrist shot by Chrstian Dvorak.
10:40 of 1st period - Shot Blocked by Tucker Poolman.
10:54 of 1st period - Wrist shot by Nick Schmaltz.
10:54 of 1st period - Stopped by Dustin Tokarski without a rebound.
10:55 of 1st period - Iven Barbashev wins face-off versus Roman Horak in Little Stars zone.
10:56 of 1st period - Snap shot by Jonathan Drouin.
10:56 of 1st period - Stopped by Dustin Tokarski with a rebound.
11:20 of 1st period - Will Butcher is hit by Dana Tyrell and loses puck.
11:39 of 1st period - Snap shot by Will Butcher.
11:39 of 1st period - Stopped by Dustin Tokarski with a rebound.
11:41 of 1st period - Slapshot by Will Butcher.
11:41 of 1st period - Stopped by Dustin Tokarski without a rebound.
11:42 of 1st period - Daniel O'regan wins face-off versus Antti Suomela in Little Stars zone.
11:58 of 1st period - Matthew Finn is hit by Eric Knodel and loses puck.
12:09 of 1st period - Dana Tyrell is hit by Mark Stone.
12:17 of 1st period - Slapshot by Jesse Joensuu.
12:17 of 1st period - Shot Misses the Net.
13:20 of 1st period - Daniel O'regan is hit by Mark Stone and loses puck.
13:44 of 1st period - Wrist shot by Scott Kosmachuck.
13:44 of 1st period - Shot Misses the Net.
13:46 of 1st period - Slapshot by Reece Willcox.
13:46 of 1st period - Shot Misses the Net.
14:07 of 1st period - Wrist shot by Tyler Wotherspoon.
14:07 of 1st period - Shot Blocked by Andrew O'Brien.
14:09 of 1st period - Slapshot by Tyler Wotherspoon.
14:09 of 1st period - Shot Blocked by Kurt Sauer.
14:41 of 1st period - Wrist shot by Adam Tambellini.
14:41 of 1st period - Stopped by Connor Hellebyuk with a rebound.
14:43 of 1st period - Snap shot by Daniel O'regan.
14:43 of 1st period - Stopped by Connor Hellebyuk without a rebound.
14:44 of 1st period - Melker Karlsson wins face-off versus Daniel O'regan in Mustangs zone.
14:44 of 1st period - Melker Karlsson is hit by Ilya Mikheyev.
15:07 of 1st period - Minor Penalty to Melker Karlsson for Roughing.
15:08 of 1st period - Craig Smith wins face-off versus Dana Tyrell in Mustangs zone.
15:15 of 1st period - Off-side.
15:16 of 1st period - Craig Smith wins face-off versus Dana Tyrell in neutral zone.
15:43 of 1st period - Snap shot by Scott Kosmachuck.
15:43 of 1st period - Stopped by Connor Hellebyuk without a rebound.
15:44 of 1st period - Craig Smith wins face-off versus Ilya Mikheyev in Mustangs zone.
16:09 of 1st period - Scott Kosmachuck is hit by Henrik Samuelsson and loses puck.
17:07 of 1st period - Penalty to Melker Karlsson is over, Melker Karlsson is back on ice.
17:09 of 1st period - Wrist shot by Kurt Sauer.
17:09 of 1st period - Shot Blocked by Patrick Wiercioch.
17:17 of 1st period - Slapshot by Melker Karlsson.
17:17 of 1st period - Stopped by Dustin Tokarski without a rebound.
17:18 of 1st period - Roman Horak wins face-off versus Melker Karlsson in Little Stars zone.
17:31 of 1st period - Snap shot by Joakim Nygard.
17:31 of 1st period - Stopped by Connor Hellebyuk without a rebound.
17:32 of 1st period - Dana Tyrell wins face-off versus Melker Karlsson in Mustangs zone.
17:37 of 1st period - Snap shot by Jesse Joensuu.
17:37 of 1st period - Shot Misses the Net.
18:00 of 1st period - Will Butcher is hit by Ilya Mikheyev and loses puck.
18:09 of 1st period - Slapshot by Ilya Mikheyev.
18:09 of 1st period - Deflect By Adam Tambellini.
18:09 of 1st period - Stopped by Connor Hellebyuk with a rebound.
18:26 of 1st period - Sebastian Wannstrom is hit by Iven Barbashev and loses puck.
18:47 of 1st period - Wrist shot by Craig Smith.
18:47 of 1st period - Stopped by Dustin Tokarski without a rebound.
18:48 of 1st period - Jason Dickinson wins face-off versus Melker Karlsson in Little Stars zone.
19:54 of 1st period - Slapshot by Melker Karlsson.
19:54 of 1st period - Stopped by Dustin Tokarski with a rebound.
Goals for this period are 0 for Mustangs vs 0 for Little Stars.
Shots for this period are 14 for Mustangs vs 14 for Little Stars.
2nd period
0:01 of 2nd period - Josh Jooris wins face-off versus Dana Tyrell in neutral zone.
0:12 of 2nd period - Wrist shot by Henrik Samuelsson.
0:12 of 2nd period - Deflect By Chrstian Dvorak.
0:12 of 2nd period - Shot Misses the Net.
0:12 of 2nd period - Puck is out of play.
0:13 of 2nd period - Henrik Samuelsson wins face-off versus Dana Tyrell in Little Stars zone.
0:38 of 2nd period - Tyler Wotherspoon is hit by Mark Stone and loses puck.
0:42 of 2nd period - Icing by Adam Tambellini.
0:43 of 2nd period - Melker Karlsson wins face-off versus Daniel O'regan in Little Stars zone.
0:46 of 2nd period - Snap shot by Jonathan Drouin.
0:46 of 2nd period - Goal by Jonathan Drouin - Mustangs : 1 - Little Stars : 0.
0:47 of 2nd period - Chrstian Dvorak wins face-off versus Dana Tyrell in neutral zone.
0:50 of 2nd period - Snap shot by Henrik Samuelsson.
0:50 of 2nd period - Stopped by Dustin Tokarski with a rebound.
0:52 of 2nd period - Slapshot by Scott Mayfield.
0:52 of 2nd period - Stopped by Dustin Tokarski with a rebound.
0:54 of 2nd period - Snap shot by Josh Jooris.
0:54 of 2nd period - Stopped by Dustin Tokarski without a rebound.
0:55 of 2nd period - Henrik Samuelsson wins face-off versus Dana Tyrell in Little Stars zone.
1:08 of 2nd period - Slapshot by Will Butcher.
1:08 of 2nd period - Stopped by Dustin Tokarski with a rebound.
1:10 of 2nd period - Wrist shot by Will Butcher.
1:10 of 2nd period - Stopped by Dustin Tokarski without a rebound.
1:11 of 2nd period - Melker Karlsson wins face-off versus Adam Tambellini in Little Stars zone.
1:12 of 2nd period - Snap shot by Jonathan Drouin.
1:12 of 2nd period - Shot Blocked by Patrick Wiercioch.
1:18 of 2nd period - Scott Mayfield is hit by Ilya Mikheyev and loses puck.
2:00 of 2nd period - Wrist shot by Michael Mersch.
2:00 of 2nd period - Stopped by Connor Hellebyuk without a rebound.
2:01 of 2nd period - Iven Barbashev wins face-off versus Jason Dickinson in Mustangs zone.
2:21 of 2nd period - Snap shot by Michael Mersch.
2:21 of 2nd period - Shot Blocked by Jonathan Drouin.
2:27 of 2nd period - Zach Budish is hit by Mark Stone and loses puck.
2:41 of 2nd period - Icing by Mark Stone.
2:42 of 2nd period - Melker Karlsson wins face-off versus Dana Tyrell in Mustangs zone.
3:48 of 2nd period - Antti Suomela is hit by Tyler Wotherspoon and loses puck.
4:19 of 2nd period - Andrew O'Brien is hit by Jason Dickinson and loses puck.
4:46 of 2nd period - Curtis Hamilton is hit by Jesse Joensuu and loses puck.
5:59 of 2nd period - Mark Stone is hit by Jesse Joensuu.
6:11 of 2nd period - Zach Budish is hit by Curtis Hamilton.
6:32 of 2nd period - Anton Cederholm is hit by Antti Suomela and loses puck.
6:39 of 2nd period - Anthony Beauvillier is hit by Patrick Wiercioch and loses puck.
6:48 of 2nd period - Snap shot by Zach Budish.
6:48 of 2nd period - Shot Blocked by Antti Suomela.
6:50 of 2nd period - Snap shot by Zach Budish.
6:50 of 2nd period - Shot Blocked by Kurt Sauer.
6:52 of 2nd period - Snap shot by Jason Dickinson.
6:52 of 2nd period - Deflect By Michael Mersch.
6:52 of 2nd period - Shot Blocked by Andrew O'Brien.
6:52 of 2nd period - Puck is out of play.
6:53 of 2nd period - Mark Stone wins face-off versus Dana Tyrell in Mustangs zone.
6:55 of 2nd period - Minor Penalty to Scott Mayfield for Tripping.
6:56 of 2nd period - Craig Smith wins face-off versus Dana Tyrell in Mustangs zone.
6:56 of 2nd period - Craig Smith is hit by Scott Kosmachuck.
7:05 of 2nd period - Slapshot by Tyler Wotherspoon.
7:05 of 2nd period - Goal by Tyler Wotherspoon - Mustangs : 1 - Little Stars : 1.
7:06 of 2nd period - Melker Karlsson wins face-off versus Dana Tyrell in neutral zone.
7:15 of 2nd period - Wrist shot by Scott Kosmachuck.
7:15 of 2nd period - Shot Blocked by Will Butcher.
7:17 of 2nd period - Wrist shot by Jesse Joensuu.
7:17 of 2nd period - Stopped by Connor Hellebyuk with a rebound.
7:19 of 2nd period - Slapshot by Patrick Wiercioch.
7:19 of 2nd period - Shot Misses the Net.
7:21 of 2nd period - Slapshot by Patrick Wiercioch.
7:21 of 2nd period - Shot Blocked by Scott Mayfield.
7:38 of 2nd period - Snap shot by Josh Jooris.
7:38 of 2nd period - Stopped by Dustin Tokarski with a rebound.
7:40 of 2nd period - Snap shot by Scott Mayfield.
7:40 of 2nd period - Stopped by Dustin Tokarski with a rebound.
7:54 of 2nd period - Wrist shot by Craig Smith.
7:54 of 2nd period - Shot Misses the Net.
7:56 of 2nd period - Wrist shot by Craig Smith.
7:56 of 2nd period - Shot Misses the Net.
8:16 of 2nd period - Wrist shot by Dana Tyrell.
8:16 of 2nd period - Shot Misses the Net.
9:02 of 2nd period - Snap shot by Jason Dickinson.
9:02 of 2nd period - Deflect By Zach Budish.
9:02 of 2nd period - Stopped by Connor Hellebyuk with a rebound.
9:04 of 2nd period - Snap shot by Zach Budish.
9:04 of 2nd period - Shot Misses the Net.
9:06 of 2nd period - Snap shot by Jason Dickinson.
9:06 of 2nd period - Stopped by Connor Hellebyuk without a rebound.
9:07 of 2nd period - Melker Karlsson wins face-off versus Dana Tyrell in Mustangs zone.
9:07 of 2nd period - Melker Karlsson is hit by Jesse Joensuu.
9:22 of 2nd period - Minor Penalty to Dana Tyrell for Holding.
9:23 of 2nd period - Melker Karlsson wins face-off versus Sebastian Wannstrom in Little Stars zone.
11:22 of 2nd period - Penalty to Dana Tyrell is over, Dana Tyrell is back on ice.
11:33 of 2nd period - Matthew Finn is hit by Tucker Poolman and loses puck.
12:10 of 2nd period - Chrstian Dvorak is hit by Anton Cederholm.
12:20 of 2nd period - Snap shot by Jason Dickinson.
12:20 of 2nd period - Stopped by Connor Hellebyuk without a rebound.
12:21 of 2nd period - Iven Barbashev wins face-off versus Jason Dickinson in Mustangs zone.
12:55 of 2nd period - Jonathan Drouin is hit by Roman Horak and loses puck.
13:18 of 2nd period - Josh Jooris is hit by Jesse Joensuu and loses puck.
15:07 of 2nd period - Adam Tambellini is hit by Mark Stone and loses puck.
15:30 of 2nd period - Snap shot by Dana Tyrell.
15:30 of 2nd period - Shot Blocked by Dakota Mermis.
15:32 of 2nd period - Snap shot by Dana Tyrell.
15:32 of 2nd period - Deflect By Josh Jooris.
15:32 of 2nd period - Stopped by Connor Hellebyuk without a rebound.
15:33 of 2nd period - Henrik Samuelsson wins face-off versus Dana Tyrell in Mustangs zone.
15:33 of 2nd period - Henrik Samuelsson is hit by Scott Kosmachuck.
16:05 of 2nd period - Wrist shot by Mark Stone.
16:05 of 2nd period - Stopped by Dustin Tokarski without a rebound.
16:06 of 2nd period - Melker Karlsson wins face-off versus Roman Horak in Little Stars zone.
16:21 of 2nd period - Snap shot by Sebastian Wannstrom.
16:21 of 2nd period - Shot Misses the Net.
16:23 of 2nd period - Minor Penalty to Mark Stone for High sticking.
16:24 of 2nd period - Craig Smith wins face-off versus Jesse Joensuu in Mustangs zone.
18:23 of 2nd period - Penalty to Mark Stone is over, Mark Stone is back on ice.
18:25 of 2nd period - Icing by Michael Mersch.
18:26 of 2nd period - Dana Tyrell wins face-off versus Henrik Samuelsson in Little Stars zone.
18:36 of 2nd period - Snap shot by Dakota Mermis.
18:36 of 2nd period - Shot Blocked by Patrick Wiercioch.
18:44 of 2nd period - Minor Penalty to Sebastian Wannstrom for Boarding.
18:45 of 2nd period - Melker Karlsson wins face-off versus Dana Tyrell in Little Stars zone.
18:56 of 2nd period - Anton Cederholm is hit by Jonathan Drouin.
Goals for this period are 1 for Mustangs vs 1 for Little Stars.
Shots for this period are 9 for Mustangs vs 7 for Little Stars.
3rd period
0:01 of 3rd period - Dana Tyrell wins face-off versus Melker Karlsson in neutral zone.
0:06 of 3rd period - Slapshot by Craig Smith.
0:06 of 3rd period - Shot Blocked by Patrick Wiercioch.
0:44 of 3rd period - Penalty to Sebastian Wannstrom is over, Sebastian Wannstrom is back on ice.
1:19 of 3rd period - Snap shot by Antti Suomela.
1:19 of 3rd period - Stopped by Dustin Tokarski without a rebound.
1:20 of 3rd period - Melker Karlsson wins face-off versus Roman Horak in Little Stars zone.
1:21 of 3rd period - Wrist shot by Jonathan Drouin.
1:21 of 3rd period - Stopped by Dustin Tokarski with a rebound.
2:18 of 3rd period - Tyler Wotherspoon is hit by Curtis Hamilton and loses puck.
2:32 of 3rd period - Patrick Wiercioch is hit by Will Butcher and loses puck.
2:59 of 3rd period - Zach Budish is hit by Craig Smith and loses puck.
3:22 of 3rd period - Curtis Hamilton is hit by Jesse Joensuu and loses puck.
3:45 of 3rd period - Snap shot by Adam Tambellini.
3:45 of 3rd period - Shot Misses the Net.
4:23 of 3rd period - Reece Willcox is hit by Antti Suomela and loses puck.
5:05 of 3rd period - Slapshot by Joakim Nygard.
5:05 of 3rd period - Shot Misses the Net.
5:07 of 3rd period - Slapshot by Reece Willcox.
5:07 of 3rd period - Stopped by Connor Hellebyuk without a rebound.
5:08 of 3rd period - Dana Tyrell wins face-off versus Melker Karlsson in Mustangs zone.
5:34 of 3rd period - Minor Penalty to Henrik Samuelsson for Hooking.
5:35 of 3rd period - Craig Smith wins face-off versus Jesse Joensuu in Mustangs zone.
7:00 of 3rd period - Ilya Mikheyev is hit by Scott Mayfield.
7:34 of 3rd period - Penalty to Henrik Samuelsson is over, Henrik Samuelsson is back on ice.
8:08 of 3rd period - Wrist shot by Melker Karlsson.
8:08 of 3rd period - Goal by Melker Karlsson - Mustangs : 2 - Little Stars : 1.
8:09 of 3rd period - Dana Tyrell wins face-off versus Henrik Samuelsson in neutral zone.
8:09 of 3rd period - Jesse Joensuu is hit by Chrstian Dvorak.
8:22 of 3rd period - Snap shot by Henrik Samuelsson.
8:22 of 3rd period - Shot Misses the Net.
8:24 of 3rd period - Snap shot by Chrstian Dvorak.
8:24 of 3rd period - Shot Misses the Net.
8:30 of 3rd period - Minor Penalty to Dana Tyrell for Cross-checking.
8:31 of 3rd period - Melker Karlsson wins face-off versus Sebastian Wannstrom in Little Stars zone.
9:05 of 3rd period - Slapshot by Will Butcher.
9:05 of 3rd period - Stopped by Dustin Tokarski without a rebound.
9:06 of 3rd period - Melker Karlsson wins face-off versus Sebastian Wannstrom in Little Stars zone.
9:25 of 3rd period - Backhand shot by Henrik Samuelsson.
9:25 of 3rd period - Stopped by Dustin Tokarski with a rebound.
9:27 of 3rd period - Slapshot by Kurt Sauer.
9:27 of 3rd period - Stopped by Dustin Tokarski without a rebound.
9:28 of 3rd period - Melker Karlsson wins face-off versus Sebastian Wannstrom in Little Stars zone.
10:30 of 3rd period - Penalty to Dana Tyrell is over, Dana Tyrell is back on ice.
11:18 of 3rd period - Slapshot by Kurt Sauer.
11:18 of 3rd period - Deflect By Chrstian Dvorak.
11:18 of 3rd period - Shot Misses the Net.
11:18 of 3rd period - Puck is out of play.
11:19 of 3rd period - Dana Tyrell wins face-off versus Henrik Samuelsson in Little Stars zone.
11:24 of 3rd period - Snap shot by Scott Kosmachuck.
11:24 of 3rd period - Stopped by Connor Hellebyuk without a rebound.
11:25 of 3rd period - Daniel O'regan wins face-off versus Henrik Samuelsson in Mustangs zone.
11:26 of 3rd period - Wrist shot by Ilya Mikheyev.
11:26 of 3rd period - Deflect By Adam Tambellini.
11:26 of 3rd period - Stopped by Connor Hellebyuk with a rebound.
11:28 of 3rd period - Snap shot by Patrick Wiercioch.
11:28 of 3rd period - Shot Misses the Net.
12:12 of 3rd period - Slapshot by Will Butcher.
12:12 of 3rd period - Shot Blocked by Anton Cederholm.
12:14 of 3rd period - Slapshot by Will Butcher.
12:14 of 3rd period - Stopped by Dustin Tokarski with a rebound.
12:16 of 3rd period - Slapshot by Will Butcher.
12:16 of 3rd period - Stopped by Dustin Tokarski without a rebound.
12:17 of 3rd period - Scott Kosmachuck wins face-off versus Melker Karlsson in Little Stars zone.
12:44 of 3rd period - Kurt Sauer is hit by Adam Tambellini and loses puck.
13:14 of 3rd period - Off-side.
13:15 of 3rd period - Scott Kosmachuck wins face-off versus Melker Karlsson in neutral zone.
13:52 of 3rd period - Icing by Will Butcher.
13:53 of 3rd period - Iven Barbashev wins face-off versus Dana Tyrell in Mustangs zone.
14:01 of 3rd period - Wrist shot by Jesse Joensuu.
14:01 of 3rd period - Stopped by Connor Hellebyuk with a rebound.
14:03 of 3rd period - Slapshot by Tyler Wotherspoon.
14:03 of 3rd period - Shot Misses the Net.
14:05 of 3rd period - Wrist shot by Dana Tyrell.
14:05 of 3rd period - Shot Misses the Net.
14:07 of 3rd period - Slapshot by Tyler Wotherspoon.
14:07 of 3rd period - Shot Blocked by Curtis Hamilton.
14:09 of 3rd period - Snap shot by Jesse Joensuu.
14:09 of 3rd period - Shot Misses the Net.
14:27 of 3rd period - Snap shot by Daniel O'regan.
14:27 of 3rd period - Stopped by Connor Hellebyuk with a rebound.
14:29 of 3rd period - Wrist shot by Tyler Wotherspoon.
14:29 of 3rd period - Stopped by Connor Hellebyuk with a rebound.
14:39 of 3rd period - Snap shot by Melker Karlsson.
14:39 of 3rd period - Stopped by Dustin Tokarski with a rebound.
14:50 of 3rd period - Icing by Chrstian Dvorak.
14:51 of 3rd period - Henrik Samuelsson wins face-off versus Jesse Joensuu in Mustangs zone.
15:00 of 3rd period - Snap shot by Henrik Samuelsson.
15:00 of 3rd period - Stopped by Dustin Tokarski with a rebound.
15:17 of 3rd period - Wrist shot by Josh Jooris.
15:17 of 3rd period - Stopped by Dustin Tokarski with a rebound.
15:57 of 3rd period - Slapshot by Will Butcher.
15:57 of 3rd period - Shot Blocked by Scott Kosmachuck.
15:59 of 3rd period - Slapshot by Scott Mayfield.
15:59 of 3rd period - Deflect By Nick Schmaltz.
15:59 of 3rd period - Shot Blocked by Scott Kosmachuck.
15:59 of 3rd period - Puck is out of play.
16:00 of 3rd period - Iven Barbashev wins face-off versus Dana Tyrell in Little Stars zone.
16:01 of 3rd period - Snap shot by Curtis Hamilton.
16:01 of 3rd period - Stopped by Dustin Tokarski without a rebound.
16:02 of 3rd period - Dana Tyrell wins face-off versus Iven Barbashev in Little Stars zone.
16:07 of 3rd period - Wrist shot by Jesse Joensuu.
16:07 of 3rd period - Shot Misses the Net.
16:56 of 3rd period - Slapshot by Craig Smith.
16:56 of 3rd period - Deflect By Anthony Beauvillier.
16:56 of 3rd period - Shot Blocked by Reece Willcox.
16:56 of 3rd period - Puck is out of play.
16:57 of 3rd period - Dana Tyrell wins face-off versus Iven Barbashev in Little Stars zone.
17:10 of 3rd period - Off-side.
17:11 of 3rd period - Melker Karlsson wins face-off versus Dana Tyrell in neutral zone.
17:26 of 3rd period - Wrist shot by Jesse Joensuu.
17:26 of 3rd period - Shot Blocked by Andrew O'Brien.
17:38 of 3rd period - Icing by Sebastian Wannstrom.
17:39 of 3rd period - Nick Schmaltz wins face-off versus Roman Horak in Little Stars zone.
17:48 of 3rd period - Slapshot by Joakim Nygard.
17:48 of 3rd period - Deflect By Roman Horak.
17:48 of 3rd period - Stopped by Connor Hellebyuk with a rebound.
17:50 of 3rd period - Snap shot by Roman Horak.
17:50 of 3rd period - Stopped by Connor Hellebyuk with a rebound.
17:52 of 3rd period - Wrist shot by Sebastian Wannstrom.
17:52 of 3rd period - Goal by Sebastian Wannstrom - Mustangs : 2 - Little Stars : 2.
17:53 of 3rd period - Iven Barbashev wins face-off versus Dana Tyrell in neutral zone.
18:08 of 3rd period - Iven Barbashev is hit by Scott Kosmachuck and loses puck.
18:19 of 3rd period - Patrick Wiercioch is hit by Jonathan Drouin and loses puck.
18:42 of 3rd period - Snap shot by Daniel O'regan.
18:42 of 3rd period - Deflect By Ilya Mikheyev.
18:42 of 3rd period - Shot Blocked by Andrew O'Brien.
18:42 of 3rd period - Puck is out of play.
18:43 of 3rd period - Daniel O'regan wins face-off versus Antti Suomela in Mustangs zone.
18:44 of 3rd period - Snap shot by Adam Tambellini.
18:44 of 3rd period - Deflect By Ilya Mikheyev.
18:44 of 3rd period - Stopped by Connor Hellebyuk with a rebound.
18:46 of 3rd period - Wrist shot by Ilya Mikheyev.
18:46 of 3rd period - Shot Misses the Net.
18:58 of 3rd period - Snap shot by Daniel O'regan.
18:58 of 3rd period - Goal by Daniel O'regan - Mustangs : 2 - Little Stars : 3.
18:59 of 3rd period - Dana Tyrell wins face-off versus Jonathan Drouin in neutral zone.
19:02 of 3rd period - Snap shot by Dana Tyrell.
19:02 of 3rd period - Stopped by Connor Hellebyuk with a rebound.
19:26 of 3rd period - Mustangs, Connor Hellebyuk is pulled from the net.
19:35 of 3rd period - Minor Penalty to Patrick Wiercioch for Tripping.
19:36 of 3rd period - Dana Tyrell wins face-off versus Henrik Samuelsson in Little Stars zone.
19:36 of 3rd period - Dana Tyrell is hit by Henrik Samuelsson.
19:41 of 3rd period - Minor Penalty to Chrstian Dvorak for Hooking.
19:42 of 3rd period - Connor Hellebyuk from Mustangs was sent back in the game.
19:42 of 3rd period - Craig Smith wins face-off versus Dana Tyrell in Mustangs zone.
19:47 of 3rd period - Reece Willcox is hit by Scott Mayfield and loses puck.
19:50 of 3rd period - Mustangs, Connor Hellebyuk is pulled from the net.
19:54 of 3rd period - Snap shot by Melker Karlsson.
19:54 of 3rd period - Stopped by Dustin Tokarski without a rebound.
19:55 of 3rd period - Peter DeBoer call a timeout for Mustangs.
19:55 of 3rd period - Dana Tyrell wins face-off versus Craig Smith in Little Stars zone.
Goals for this period are 1 for Mustangs vs 2 for Little Stars.
Shots for this period are 13 for Mustangs vs 12 for Little Stars.